 Dungeon Crawl Stone Soup version 0.22-a0-609-gfedc9ff (webtiles) character file.

828 Hebeh the Magician (level 7, -2/36 HPs)
             Began as a Deep Elf Fire Elementalist on July 10, 2018.
             Slain by a hippogriff (4 damage)
             ... on level 6 of the Dungeon.
             The game lasted 00:28:59 (5720 turns).

Hebeh the Magician (Deep Elf Fire Elementalist)     Turns: 5720, Time: 00:29:03

Health: -2/36      AC:  2    Str:  6    XL:     7   Next: 64%
Magic:  11/19      EV: 13    Int: 21    God:
Gold:   262        SH:  0    Dex: 15    Spells: 14/20 levels left

rFire    + . .     SeeInvis .   a - +3 rapier (elec)
rCold    . . .     Gourm    .   (no shield)
rNeg     . . .     Faith    .   A - +0 robe
rPois    .         Spirit   .   (no helmet)
rElec    .         Reflect  .   (no cloak)
rCorr    +         Harm     .   (no gloves)
MR       .....                  (no boots)
Stlth    ++........             (no amulet)
HPRegen  0.12/turn              q - ring of protection from fire
MPRegen  0.16/turn              y - ring of resist corrosion

@: no status effects
A: no striking features
a: no special abilities


You were on level 6 of the Dungeon.
You were not hungry.

You visited 1 branch of the dungeon, and saw 6 of its levels.

You collected 262 gold pieces.

Inventory:

Hand Weapons
 a - a +3 rapier of electrocution (weapon)
 b - a +0 short sword
 h - a +2 dagger of protection
 C - a +3 dagger
Missiles
 f - 96 sling bullets
 j - 177 stones (quivered)
Armour
 A - a +0 robe (worn)
Jewellery
 q - a ring of protection from fire (left hand)
 y - a ring of resist corrosion (right hand)
Wands
 w - a wand of iceblast (8)
 z - a wand of acid (6)
Scrolls
 e - 13 scrolls of identify {unknown}
 g - a scroll of noise {unknown}
 k - 2 scrolls of magic mapping {unknown}
 n - a scroll of blinking {unknown}
 o - a scroll of remove curse {unknown}
 r - 2 scrolls of amnesia {unknown}
 s - a scroll of enchant armour {unknown}
 v - a scroll of teleportation
Potions
 d - 5 potions of heal wounds {unknown}
 i - 6 potions of curing {unknown}
 l - 3 potions of resistance {unknown}
 m - a potion of ambrosia {unknown}
 p - 2 potions of agility {unknown}
 t - a potion of cancellation {unknown}
 u - a potion of flight {unknown}
 x - a potion of mutation {unknown}
Comestibles
 c - 10 rations
 B - a chunk of flesh


   Skills:
 - Level 2.4 Dodging
 - Level 2.4 Stealth
 + Level 7.1 Spellcasting
 + Level 5.4 Conjurations
 + Level 6.4 Fire Magic


You had 14 spell levels left.
You knew the following spells:

 Your Spells              Type           Power        Failure   Level  Hunger
a - Flame Tongue          Conj/Fire      ####.        1%          1    None
b - Throw Flame           Conj/Fire      ####..       1%          2    None
c - Conjure Flame         Conj/Fire      ####....     2%          3    None

Your spell library contained the following spells:

 Spells                   Type           Power        Failure   Level  Hunger
 Fireball                 Conj/Fire      ####......   22%         5    #####..
 Sticky Flame             Conj/Fire      ####....     8%          4    ###....
 Inner Flame              Hex/Fire       ###.....     7%          3    None


Dungeon Overview and Level Annotations

Branches:
Dungeon (6/15)
 Temple: D:4-7

Altars:
Makhleb
Okawaru
Trog
Yredelemnul
Zin


Message History

Aiming: Flame Tongue (safe; 1% risk of failure)
Press: ? - help, Shift-Dir - straight line, f/p - hippogriff
Aim: a hippogriff (severely wounded)
The flame tongue hits the hippogriff.
The hippogriff is severely wounded.
The hippogriff closely misses you. The hippogriff pecks you.
The hippogriff claws you.
Casting: Flame Tongue (safe; 1% risk of failure)
Confirm with . or Enter, or press ? or * to list all spells.
Aiming: Flame Tongue (safe; 1% risk of failure)
Press: ? - help, Shift-Dir - straight line, f/p - hippogriff
Aim: a hippogriff (severely wounded)
The flame tongue hits the hippogriff.
The hippogriff is almost dead.
The hippogriff bites you!
* * * LOW HITPOINT WARNING * * *
The hippogriff pecks you.
* * * LOW HITPOINT WARNING * * *
The hippogriff claws you.
You die...

#.(.....#
#.......#
#.....<.#
#.......#
#.......##
#)........
#.H.....#
#####@#.#
##...#.#.#
#........#
#........#
#.......##
##...#.#####
##.##..<..#
#. #####.#
#> .#


You could see a hippogriff.

Vanquished Creatures
  Eustachio (D:5)
  An ice beast (D:5)
  A phantom (D:5)
  A bullfrog zombie (D:4)
  2 jellies (D:5)
  4 hounds
  2 orc wizards (D:3)
  A worker ant zombie (D:5)
  Robin (D:2)
  4 gnolls (D:2)
  6 adders
  An adder skeleton (D:4)
  2 worms
  A dart slug (D:4)
  4 leopard geckos
  12 orcs
  A ball python (D:3)
  3 giant cockroaches
  16 goblins
  12 hobgoblins
  3 jackals (D:4)
  6 quokkas
  8 bats
  8 frilled lizards
  A jackal skeleton (D:4)
  9 kobolds
  A leopard gecko skeleton (D:4)
  11 rats
123 creatures vanquished.

Notes
Turn   | Place    | Note
-------+----------+-------------------------------------------
     0 | D:1      | Hebeh the Deep Elf Fire Elementalist began the quest for the Orb.
     0 | D:1      | Reached XP level 1. HP: 10/10 MP: 6/6
   285 | D:1      | Reached XP level 2. HP: 15/15 MP: 6/8
   843 | D:2      | Reached XP level 3. HP: 16/19 MP: 1/10
   925 | D:2      | Reached skill level 4 in Spellcasting
  1458 | D:2      | Learned a level 2 spell: Throw Flame
  1462 | D:2      | Learned a level 3 spell: Conjure Flame
  1573 | D:2      | Reached XP level 4. HP: 24/24 MP: 1/12
  2202 | D:2      | Noticed Robin
  2229 | D:2      | HP: 1/24 [goblin/dagger[Robin] (5)]
  2230 | D:2      | Killed Robin
  2625 | D:3      | Reached XP level 5. HP: 28/28 MP: 4/14
  2974 | D:3      | Found an iron altar of Okawaru.
  2977 | D:3      | Reached skill level 5 in Spellcasting
  3308 | D:3      | Reached skill level 5 in Fire Magic
  3455 | D:3      | Reached XP level 6. HP: 32/32 MP: 10/16
  4462 | D:5      | Entered Level 5 of the Dungeon
  4467 | D:5      | Found a basalt altar of Yredelemnul.
  4469 | D:5      | Found a glowing silver altar of Zin.
  4470 | D:5      | Found a burning altar of Makhleb.
  4627 | D:5      | Reached skill level 6 in Spellcasting
  4827 | D:5      | Noticed an ice beast
  4832 | D:5      | Killed an ice beast
  4832 | D:5      | Reached XP level 7. HP: 36/36 MP: 9/18
  5098 | D:5      | Reached skill level 5 in Conjurations
  5277 | D:5      | Found a bloodstained altar of Trog.
  5400 | D:5      | Noticed Eustachio
  5406 | D:5      | Killed Eustachio
  5406 | D:5      | Reached skill level 7 in Spellcasting
  5712 | D:6      | Noticed a hippogriff
  5720 | D:6      | Slain by a hippogriff

Vault maps used:
D:1:      noname_arrival_rooms_in_the_neighbourhood
D:2:      minmay_pentomino_t4, uniq_robin
D:3:      lemuel_upstairs_altar, old_standard_altar
D:4:      grunt_ministairs_2
D:5:      minitemple, first_ration, bloody_trog, uniq_eustachio
D:6:      evilmike_ruin_ashenzari, ebering_ghost_disaster_area,
          portal_sewer_entry_d, uniq_edmund, uniq_duvessa

Skill      XL: |  1  2  3  4  5  6  7 |
---------------+----------------------+-----
Conjurations   | 2 3 4 5 |  5.4
Spellcasting   | 4 5 6 7 |  7.1
Fire Magic     | 4 5 6 |  6.4
Dodging        | |  2.4
Stealth        | |  2.4

Action                   |  1- 3 |  4- 6 |  7- 9 || total
-------------------------+-------+-------+-------++-------
Melee: Dagger            |       |     8 |       ||     8
Throw: Stone             |    32 |    10 |       ||    42
 Cast: Flame Tongue      |    85 |   107 |    20 ||   212
       Conjure Flame     |     2 |     7 |       ||     9
       Throw Flame       |       |    44 |    14 ||    58
  Use: Scroll            |       |     1 |       ||     1
  Eat: Chunk             |     2 |    10 |     3 ||    15
Armor: Robe              |     5 |     5 |     1 ||    11
Dodge: Dodged            |    24 |    26 |     2 ||    52

Table legend:
 A = Spawn XP
 B = Non-spawn XP
 C = Spawn XP percentage of total XP
 D = Spawn monster count
 E = Non-spawn monster count
 F = Spawn count percentage of total count
 G = Total turns spent on level
                    A         B        C        D         E        F      G
               +---------+---------+-------+---------+---------+-------+---------
         Total |       0 |    1183 |   0.0 |       0 |     123 |   0.0 |  5720
               +---------+---------+-------+---------+---------+-------+---------
           D:1 |       0 |      31 |   0.0 |       0 |      22 |   0.0 |   829
           D:2 |       0 |     158 |   0.0 |       0 |      41 |   0.0 |  1884
           D:3 |       0 |     210 |   0.0 |       0 |      34 |   0.0 |   991
           D:4 |       0 |     164 |   0.0 |       0 |      15 |   0.0 |   758
           D:5 |       0 |     607 |   0.0 |       0 |      10 |   0.0 |  1206
           D:6 |       0 |      13 |   0.0 |       0 |       1 |   0.0 |    52
               +---------+---------+-------+---------+---------+-------+---------
